 Dungeon Crawl Stone Soup version 0.22.0-78-g6c94d2c (webtiles) character file.

211398 MalarOregon the Severer (level 18, 0/170 HPs)
             Began as a Hill Orc Berserker on Sept 16, 2018.
             Was a High Priest of Trog.
             Succumbed to a merfolk javelineer's poison
             ... on level 2 of the Shoals.
             The game lasted 01:07:22 (24293 turns).

MalarOregon the Severer (Hill Orc Berserker)       Turns: 24293, Time: 01:07:22

Health: 0/170      AC: 41    Str: 37    XL:     18   Next: 89%
Magic:  25/25      EV: 19    Int:  7    God:    Trog [*****.]
Gold:   885        SH:  0    Dex: 15    Spells: 17/17 levels left

rFire    + . .     SeeInvis +   a - +8 frozen axe "Frostbite" {freezing cloud, *Noise +Fly rC+}
rCold    + + .     Gourm    +   (shield currently unavailable)
rNeg     . . .     Faith    .   S - +9 plate armour of the Snake Pit {rElec Regen+ Str+2}
rPois    .         Spirit   .   Y - +2 hat {SInv}
rElec    +         Reflect  .   B - scarf {rC+ rF+}
rCorr    .         Harm     .   A - +1 pair of gloves {Str+3}
MR       +....                  X - +0 pair of boots of Satisfaction {Str+4 Stlth+}
Stlth    ..........             j - amulet of the gourmand
HPRegen  0.78/turn              N - +4 ring of protection
MPRegen  0.19/turn              s - +5 ring of protection

@: confused, agile, lethally poisoned (0 -> -15), engulfed (cannot breathe),
very slow
A: no striking features
}: 1/15 runes: gossamer
a: Berserk, Trog's Hand, Brothers in Arms, Renounce Religion, Evoke Flight


You were on level 2 of the Shoals.
You worshipped Trog.
Trog was extremely pleased with you.
You were completely stuffed.

You visited 6 branches of the dungeon, and saw 26 of its levels.
You also visited: Sewer and Ice Cave.

You collected 2415 gold pieces.
You spent 1530 gold pieces at shops.

Inventory:

Hand Weapons
 a - the +8 frozen axe "Frostbite" (weapon) {freezing cloud, *Noise +Fly rC+}
   (You found it in an ice cave)

   It has been specially enchanted to freeze those struck by it, causing extra
   injury to most foes and up to half again as much damage against particularly
   susceptible opponents.
   It can also slow down cold-blooded creatures.
   It protects you from cold.
   It lets you fly.
   It may make noises in combat.
 b - a +4 blowgun
 P - the +10 bardiche of Extermination {antimagic, rN+}
   (Trog gifted it to you on level 4 of the Spider Nest)

   It reduces the magical energy of the wielder, and disrupts the spells and
   magical abilities of those hit.
   Natural abilities and divine invocations are not affected.
   It protects you from negative energy.
Missiles
 i - 11 needles of confusion
 k - 5 exploding tomahawks
 m - 7 needles of frenzy
 n - 28 curare-tipped needles
 I - 11 silver tomahawks
 J - 5 javelins of penetration
 K - a throwing net
 L - 2 javelins of returning (quivered)
 V - 2 poisoned tomahawks
Armour
 A - a +1 pair of gloves of strength (worn)
 B - a scarf of resistance (worn)
 S - the +9 plate armour of the Snake Pit (worn) {rElec Regen+ Str+2}
   (You bought it in a shop on level 2 of the Orcish Mines)

   It affects your strength (+2).
   It insulates you from electricity.
   It increases your rate of regeneration.
 X - the +0 pair of boots of Satisfaction (worn) {Str+4 Stlth+}
   (You bought it in a shop on level 2 of the Orcish Mines)

   It affects your strength (+4).
   It makes you more stealthy.
 Y - a +2 hat of see invisible (worn)
Jewellery
 j - an amulet of the gourmand (around neck)
 s - a +5 ring of protection (right hand)
 v - an uncursed amulet of faith {unknown}
 N - a +4 ring of protection (left hand)
 O - an uncursed ring of resist corrosion
Wands
 g - a wand of random effects (37)
 h - a wand of digging (7)
 M - a wand of disintegration (35)
 Q - a wand of flame (9)
 R - a wand of paralysis (9)
Scrolls
 d - a scroll of magic mapping
 f - 2 scrolls of identify
 l - 5 scrolls of fog
 q - a scroll of silence
 r - 10 scrolls of teleportation
 t - 6 scrolls of remove curse
 D - 5 scrolls of blinking
 T - a scroll of holy word
 W - a scroll of fear
Potions
 p - 4 potions of lignification
 u - a potion of invisibility
 w - a potion of magic
 x - 2 potions of cancellation
 y - a potion of haste
 z - 7 potions of mutation
 C - 3 potions of agility
 E - 6 potions of resistance
 H - 5 potions of might
Miscellaneous
 U - a lamp of fire (inert)
 Z - 2 phantom mirrors
Comestibles
 c - 39 rations


   Skills:
 * Level 17.5 Fighting
 * Level 20.0 Axes
 + Level 9.7 Throwing
 * Level 15.0 Armour
 + Level 8.9 Dodging
 + Level 9.5 Evocations


You had 17 spell levels left.
You didn't know any spells.
Your spell library was empty.

Dungeon Overview and Level Annotations

Branches:
Dungeon (11/15)            Temple (1/1) D:4            Lair (6/6) D:9
 Shoals (2/4) Lair:2       Spider (4/4) Lair:2        Slime (0/5) Lair:6
    Orc (2/2) D:10            Elf (0/3) Orc:2

Altars:
Ashenzari
Cheibriados
Dithmenos
Elyvilon
Fedhas
Gozag
Hepliaklqana
Kikubaaqudgha
Makhleb
Nemelex Xobeh
Okawaru
Qazlal
Ru
Sif Muna
Trog
Uskayaw
Vehumet
Wu Jian
Xom
Yredelemnul
Zin
The Shining One
Beogh
Jiyva

Shops:
D:5 :   Orc:2 [(*=

Annotations:
Shoals:2 Ilsuiw


Message History

The snapping turtle closely misses you.
The merfolk avatar chants its luring song.
The merfolk javelineer throws a poisoned javelin.
The poisoned javelin completely misses you.
The poisoned javelin barely misses Ilsuiw.
You hear a splash.
Ilsuiw hits you but does no damage.
The merfolk siren completely misses you.
The merfolk siren chants its luring song.
The water elemental misses you.
The merfolk hits you but does no damage.
The merfolk siren chants its luring song.
You're too confused!
Your unstable footing causes you to fumble your attack.
* * * LOW HITPOINT WARNING * * *
Your lungs strain for air!
Your surroundings suddenly seem different.
Splash!
You are no longer entranced.
You die...

###############
≈≈≈≈≈≈≈≈≈≈≈≈≈≈≈
≈≈≈≈≈≈≈≈≈≈≈≈≈≈≈
≈≈≈≈≈≈≈≈≈≈≈≈≈≈≈
≈≈≈≈≈≈≈≈≈≈≈≈≈≈≈
≈≈≈≈≈≈≈≈≈≈≈≈≈≈≈
≈≈≈≈≈≈≈≈≈≈≈≈≈≈≈≈
≈≈≈≈≈≈≈@≈≈≈≈≈≈≈≈≈≈
≈≈≈≈≈≈≈≈≈≈≈≈≈≈≈≈≈≈≈≈
≈≈≈≈≈≈≈≈≈≈≈≈≈≈≈≈.≈≈≈
≈≈≈≈≈≈≈≈≈≈≈≈≈≈≈≈≈..≈≈
≈≈≈≈≈≈≈≈≈≈..≈≈≈≈≈....
≈≈≈≈≈≈≈≈≈≈...≈≈≈≈.....
≈≈≈≈≈≈≈≈.≈≈≈≈≈≈...≈≈≈..#
≈≈≈≈≈≈≈≈≈≈≈≈≈≈...#.≈≈.####
≈≈≈≈≈..≈........##.≈..##.#


There were no monsters in sight!

Vanquished Creatures
  Nikola (Spider:3)
  Gastronok (Lair:3)
  An orc warlord (Orc:2)
  The ghost of aaksess the Fighter, a journeyman OgEE of Cheibriados (Lair:3)
  2 emperor scorpions (Spider:4)
  8 ghost moths
  A dire elephant (Lair:6)
  4 spark wasps
  2 merfolk javelineers
  2 merfolk impalers
  2 merfolk avatars (Shoals:1)
  A hydra (Lair:6)
  A catoblepas (Lair:6)
  2 two-headed ogres
  The ghost of Monsterracer the Spear-Bearer, a novice DgTm (Lair:1)
  8 death yaks (Lair:6)
  A deep troll shaman (Lair:6)
  An orc high priest (Orc:2)
  A fire crab (Shoals:1)
  Sonja (Orc:2)
  4 sea snakes
  An orange crystal statue (D:9)
  A lindwurm (Lair:4)
  2 orc knights (Orc:2)
  5 fauns (Shoals:1)
  25 wolf spiders
  2 cyclopes
  12 orb spiders
  6 manticores
  3 orc sorcerers (Orc:2)
  3 moths of wrath
  5 merfolk sirens
  Psyche (D:10)
  2 ice statues (IceCv)
  A torpor snail (Spider:1)
  4 elephants
  Maurice (D:9)
  3 black mambas
  3 water nymphs (Shoals:2)
  A gargoyle (D:10)
  6 spiny frogs
  4 komodo dragons
  10 demonic crawlers
  2 rime drakes (D:11)
  2 wind drakes
  11 polar bears (IceCv)
  11 merfolk (Shoals:1)
  7 trolls
  A snapping turtle (Shoals:2)
  8 hornets
  8 blink frogs
  34 jumping spiders
  5 hippogriffs
  37 yaks
  76 redbacks
  26 tarantellas
  3 fire bats (Shoals:1)
  5 wyverns
  A vampire (D:10)
  2 hungry ghosts
  3 wargs (Orc:1)
  A steam dragon (Lair:5)
  12 water moccasins
  A sky beast (D:6)
  22 orc warriors
  5 porcupines
  2 ice beasts
  4 phantoms
  Purgy (Sewer)
  3 black bears
  17 ogres
  19 wolves
  6 centaurs
  10 crocodiles
  5 big kobolds
  3 gnoll sergeants (D:10)
  9 bullfrogs
  7 scorpions
  3 killer bees (D:9)
  3 howler monkeys (D:11)
  2 electric eels
  A crimson imp (D:8)
  2 centaur zombies
  A quasit (D:8)
  3 hounds
  Crazy Yiuf (D:6)
  20 orc priests
  20 orc wizards
  2 bullfrog skeletons
  3 centaur skeletons
  3 iguanas
  6 worker ants
  2 hound zombies
  2 hound skeletons
  4 gnolls (D:10)
  11 adders
  3 shadow imps
  4 adder skeletons
  3 worms
  A dart slug (D:1)
  9 leopard geckos
  68 orcs
  3 giant cockroaches
  8 goblins
  9 hobgoblins
  11 jackals
  7 quokkas
  2 ball pythons
  8 bats
  3 frilled lizards
  17 kobolds
  A leopard gecko skeleton (D:5)
  A quokka zombie (D:5)
  7 rats
  A bush (Lair:6)
  6 fungi
  13 plants
790 creatures vanquished.

Vanquished Creatures (collateral kills)
  An emperor scorpion (Spider:4)
  A frost giant (IceCv)
  An orb spider (Spider:2)
  2 wolf spiders (Spider:2)
  A demonic crawler (Spider:2)
  A polar bear (IceCv)
  2 tarantellas (Spider:2)
  A wolf (IceCv)
10 creatures vanquished.

Vanquished Creatures (others)
  A jumping spider (Spider:3)
  A tarantella (Spider:2)
  A fungus (Lair:6)
  3 plants
6 creatures vanquished.

Grand Total: 806 creatures vanquished

Notes
Turn   | Place    | Note
-------+----------+-------------------------------------------
     0 | D:1      | MalarOregon the Hill Orc Berserker began the quest for the
                  | Orb.
     0 | D:1      | Reached XP level 1. HP: 19/19 MP: 1/1
   242 | D:1      | Reached XP level 2. HP: 22/27 MP: 2/2
   414 | D:1      | Found a glowing golden altar of the Shining One.
   943 | D:2      | Reached XP level 3. HP: 27/33 MP: 3/3
   960 | D:2      | Reached ** piety under Trog
  1022 | D:2      | Reached skill level 5 in Axes
  1022 | D:2      | Reached XP level 4. HP: 26/41 MP: 4/4
  1135 | D:2      | Found a burning altar of Makhleb.
  1338 | D:2      | Reached XP level 5. HP: 42/47 MP: 5/5
  1513 | D:3      | Found an ornate altar of the Wu Jian Council.
  1584 | D:3      | Found a glowing drain.
  1616 | Sewer    | Entered a sewer
  1740 | Sewer    | Noticed Purgy
  1762 | Sewer    | Killed Purgy
  1762 | Sewer    | Reached skill level 5 in Fighting
  1762 | Sewer    | Reached XP level 6. HP: 39/56 MP: 6/6
  1889 | D:3      | Found a sparkling altar of Nemelex Xobeh.
  1913 | D:3      | Noticed a hungry ghost
  1950 | D:3      | Killed a hungry ghost
  1950 | D:3      | Reached skill level 6 in Axes
  2043 | D:3      | Paralysed by fainting for 5 turns
  2066 | D:3      | Found an opulent altar of Gozag.
  2475 | D:4      | Reached XP level 7. HP: 38/62 MP: 7/7
  2496 | D:4      | Reached *** piety under Trog
  2662 | D:4      | Found a staircase to the Ecumenical Temple.
  2761 | D:4      | Reached skill level 7 in Axes
  2767 | D:4      | Found an iron altar of Okawaru.
  2786 | D:4      | Reached skill level 5 in Armour
  2996 | Temple   | Entered the Ecumenical Temple
  3094 | D:5      | Entered Level 5 of the Dungeon
  3262 | D:5      | Reached XP level 8. HP: 71/71 MP: 8/8
  3559 | D:5      | Found a hide-covered altar of Uskayaw.
  3678 | D:5      | Reached **** piety under Trog
  3703 | D:5      | Found Deatwesomm's Book Shoppe.
  3877 | D:6      | Reached skill level 8 in Axes
  3977 | D:6      | Reached skill level 1 in Evocations
  4022 | D:6      | Reached skill level 1 in Throwing
  4371 | D:6      | Reached XP level 9. HP: 81/81 MP: 8/10
  4541 | D:6      | Found a runed door.
  4623 | D:6      | Noticed Crazy Yiuf
  4630 | D:6      | Killed Crazy Yiuf
  4676 | D:7      | Found a radiant altar of Vehumet.
  4944 | D:7      | Reached skill level 9 in Axes
  5771 | D:8      | Found a basalt altar of Yredelemnul.
  5771 | D:8      | Found a shattered altar of Ashenzari.
  5862 | D:8      | Found a shadowy altar of Dithmenos.
  6107 | D:8      | Reached ***** piety under Trog
  6144 | D:8      | Found a white marble altar of Elyvilon.
  6482 | D:9      | Noticed Maurice
  6504 | D:9      | Killed Maurice
  6560 | D:9      | Reached skill level 10 in Axes
  6560 | D:9      | Reached XP level 10. HP: 69/91 MP: 12/12
  6814 | D:9      | Found a shimmering altar of Xom.
  6814 | D:9      | Found a shimmering altar of Xom.
  6815 | D:9      | Found a shimmering altar of Xom.
  6815 | D:9      | Found a shimmering altar of Xom.
  6816 | D:9      | Found a shimmering altar of Xom.
  6816 | D:9      | Found a shimmering altar of Xom.
  6821 | D:9      | Found a staircase to the Lair.
  7180 | D:9      | Found a shimmering altar of Xom.
  7180 | D:9      | Found a shimmering altar of Xom.
  7183 | D:9      | Found a shimmering altar of Xom.
  7243 | D:9      | Noticed an orange crystal statue
  7360 | D:9      | Killed an orange crystal statue
  7618 | D:10     | Entered Level 10 of the Dungeon
  7650 | D:10     | Noticed Psyche
  7672 | D:10     | Killed Psyche
  7672 | D:10     | Reached skill level 10 in Fighting
  7877 | D:10     | Reached skill level 11 in Axes
  8142 | D:10     | Reached skill level 5 in Dodging
  8206 | D:10     | Received a gift from Trog
  8206 | D:10     | Reached XP level 11. HP: 57/100 MP: 14/14
  8442 | D:10     | Noticed a two-headed ogre
  8457 | D:10     | Killed a two-headed ogre
  8650 | D:10     | Found a staircase to the Orcish Mines.
  9273 | D:10     | Received a gift from Trog
  9508 | D:11     | Noticed a cyclops
  9520 | D:11     | Killed a cyclops
  9528 | D:11     | Reached skill level 12 in Axes
  9551 | D:11     | Found a frozen archway.
  9850 | IceCv    | Entered an ice cave
  9905 | IceCv    | Reached skill level 10 in Armour
  9905 | IceCv    | Reached skill level 5 in Evocations
 10327 | IceCv    | Reached XP level 12. HP: 54/110 MP: 15/15
 10331 | IceCv    | Received a gift from Trog
 10663 | IceCv    | Noticed a frost giant
 10678 | IceCv    | Killed a frost giant
 10678 | IceCv    | Reached skill level 5 in Throwing
 10722 | IceCv    | Found the +8 frozen axe "Frostbite" {freezing cloud, *Noise
                  | +Fly rC+}
 11580 | D:11     | Found a shattered altar of Ashenzari.
 11762 | D:11     | Reached skill level 13 in Axes
 12007 | Lair:1   | Entered Level 1 of the Lair of Beasts
 12140 | Lair:1   | Noticed Monsterracer's ghost (novice DgTm)
 12141 | Lair:1   | Found a runed gate.
 12142 | Lair:1   | Found a runed gate.
 12151 | Lair:1   | Found a runed gate.
 12597 | Lair:2   | Found a staircase to the Shoals.
 12692 | Lair:2   | Found a hole to the Spider Nest.
 12831 | Lair:2   | Found a blossoming altar of Fedhas.
 12965 | Lair:2   | Received a gift from Trog
 13539 | Lair:3   | Found a runed door.
 13539 | Lair:3   | Noticed aaksess's ghost (journeyman OgEE)
 13696 | Lair:3   | Reached XP level 13. HP: 116/119 MP: 17/17
 14065 | Lair:3   | Noticed Gastronok
 14074 | Lair:3   | Killed Gastronok
 14074 | Lair:3   | Reached skill level 14 in Axes
 14405 | Lair:3   | Reached skill level 15 in Axes
 14405 | Lair:3   | Reached XP level 14. HP: 129/129 MP: 18/18
 14406 | Lair:3   | Reached XP level 15. HP: 138/138 MP: 19/19
 14464 | Lair:3   | Killed aaksess's ghost
 14464 | Lair:3   | Received a gift from Trog
 14828 | Lair:4   | Reached skill level 16 in Axes
 15856 | Lair:5   | You fall through a shaft!
 15856 | Lair:6   | Entered Level 6 of the Lair of Beasts
 15927 | Lair:6   | Found a viscous altar of Jiyva.
 15927 | Lair:6   | Found a staircase to the Slime Pits.
 15934 | Lair:6   | Received a gift from Trog
 16606 | Lair:6   | Received a gift from Trog
 16641 | Lair:6   | Reached skill level 15 in Fighting
 16885 | Lair:6   | Found the +5 robe of Night {Dark MR+ SInv}
 17351 | Orc:1    | Entered Level 1 of the Orcish Mines
 17465 | Orc:1    | Found a roughly hewn altar of Beogh.
 17604 | Orc:2    | Entered Level 2 of the Orcish Mines
 17604 | Orc:2    | Found a staircase to the Elven Halls.
 18061 | Orc:2    | Found a roughly hewn altar of Beogh.
 18066 | Orc:2    | Received a gift from Trog
 18067 | Orc:2    | Noticed an orc warlord
 18097 | Orc:2    | Killed an orc warlord
 18097 | Orc:2    | Reached skill level 17 in Axes
 18097 | Orc:2    | Reached XP level 16. HP: 40/149 MP: 21/21
 18439 | Orc:2    | Found Bytzo's Antique Armour Boutique.
 18545 | Orc:2    | Found Doeviu's Antique Weapon Boutique.
 18682 | Orc:2    | Noticed Sonja
 18689 | Orc:2    | Killed Sonja
 18878 | Orc:2    | Found Xibuh's General Store.
 19062 | Orc:2    | Found Soxyfel's Jewellery Boutique.
 19399 | Orc:1    | Found a roughly hewn altar of Beogh.
 19509 | Lair:1   | Killed Monsterracer's ghost
 19509 | Lair:1   | Received a gift from Trog
 19651 | Orc:2    | Bought an ancient plate armour for 952 gold pieces
 19661 | Orc:2    | Identified the +9 plate armour of the Snake Pit {rElec
                  | Regen+ Str+2} (You bought it in a shop on level 2 of the
                  | Orcish Mines)
 19665 | Orc:2    | Bought a pair of runed gloves for 255 gold pieces
 19665 | Orc:2    | Bought a pair of spiked boots for 323 gold pieces
 19676 | Orc:2    | Identified the cursed +0 pair of boots of Satisfaction
                  | {Str+4 Stlth+} (You bought it in a shop on level 2 of the
                  | Orcish Mines)
 19800 | Spider:1 | Entered Level 1 of the Spider Nest
 20301 | Spider:2 | Received a gift from Trog
 20384 | Spider:2 | HP: 7/151 [jumping spider (4)]
 20631 | Spider:2 | Reached ****** piety under Trog
 20639 | Spider:2 | Received a gift from Trog
 21175 | Spider:3 | Received a gift from Trog
 21207 | Spider:3 | Reached skill level 18 in Axes
 21354 | Spider:3 | Noticed Nikola
 21364 | Spider:3 | Killed Nikola
 21364 | Spider:3 | Received a gift from Trog
 21401 | Spider:3 | Reached skill level 19 in Axes
 21401 | Spider:3 | Reached XP level 17. HP: 157/159 MP: 23/23
 21704 | Spider:4 | Entered Level 4 of the Spider Nest
 21706 | Spider:4 | Reached XP level 18. HP: 168/168 MP: 24/24
 21750 | Spider:4 | Received a gift from Trog
 21916 | Spider:4 | Got a faintly glowing bardiche {god gift}
 21918 | Spider:4 | Identified the +10 bardiche of Extermination {antimagic,
                  | rN+} (Trog gifted it to you on level 4 of the Spider Nest)
 22467 | Spider:4 | Received a gift from Trog
 22816 | Spider:4 | Paralysed by a hornet for 3 turns
 22818 | Spider:4 | HP: 8/169 [spark wasp (4)]
 23040 | Spider:4 | Got a gossamer rune of Zot
 23187 | Shoals:1 | Entered Level 1 of the Shoals
 23285 | Shoals:1 | Received a gift from Trog
 23998 | Shoals:2 | Reached skill level 15 in Armour
 24261 | Shoals:2 | Reached skill level 20 in Axes
 24264 | Shoals:2 | Noticed Ilsuiw
 24292 | Shoals:2 | HP: 7/170 [drowned by a water elemental[Ilsuiw] (5)]
 24293 | Shoals:2 | HP: 1/170 [drowned by a water elemental[Ilsuiw] (6)]
 24293 | Shoals:2 | Succumbed to a merfolk javelineer's poison

Skill      XL: |  1  2  3  4  5  6  7  8  9 10 11 12 13 14 15 16 17 18 |
---------------+-------------------------------------------------------+-----
Fighting       | 4 5 6 7 9 10 11 12 13 14 15 16 17 | 17.5
Axes           | 5 6 7 8 10 11 12 13 15 17 19 20 | 20.0
Dodging        | 2 3 4 5 6 7 8 |  8.9
Armour         | 3 4 5 6 7 9 10 11 12 14 15 | 15.0
Evocations     | 1 3 4 5 6 7 8 9 |  9.5
Throwing       | 1 2 3 4 5 6 7 8 9 |  9.7

Action                   |  1- 3 |  4- 6 |  7- 9 | 10-12 | 13-15 | 16-18 || total
-------------------------+-------+-------+-------+-------+-------+-------++-------
Melee: Hand axe          |    82 |   207 |   597 |   422 |       |       ||  1308
       Battleaxe         |       |       |       |   191 |       |       ||   191
       Executioner's axe |       |       |       |   133 |   247 |   531 ||   911
Throw: Tomahawk          |       |       |       |    51 |       |    13 ||    64
       Javelin           |       |       |       |       |       |     6 ||     6
       Throwing net      |       |       |       |       |       |     1 ||     1
Invok: Berserk           |       |     1 |     4 |     5 |     1 |     1 ||    12
       Trog's Hand       |       |       |       |     4 |     4 |     4 ||    12
       Brothers in Arms  |       |       |       |     1 |     3 |     2 ||     6
Evoke: Wand              |       |       |       |       |     4 |    32 ||    36
       Lamp of fire      |       |       |       |       |       |     1 ||     1
  Use: Scroll            |       |       |    18 |    13 |    12 |     5 ||    48
       Potion            |       |       |       |     3 |     5 |    18 ||    26
 Stab: Distracted        |       |       |       |     1 |     2 |       ||     3
       Paralysed         |       |       |       |       |     1 |     2 ||     3
       Invisible         |       |       |       |       |       |     3 ||     3
  Eat: Chunk             |       |    15 |    18 |    51 |    16 |    26 ||   126
       Ration            |       |     1 |       |       |       |       ||     1
Armor: Animal skin       |    19 |       |       |       |       |       ||    19
       Chain mail        |     2 |    86 |       |       |       |       ||    88
       Troll leather arm |       |    56 |   164 |       |       |       ||   220
       Plate armour      |       |       |    89 |   804 |   242 |   703 ||  1838
Dodge: Dodged            |    51 |   118 |   337 |   466 |   156 |   511 ||  1639
